 Dungeon Crawl Stone Soup version 0.15.2 (webtiles) character file.

463 RottenBandages the Insei (level 6, -2/49 HPs)
             Began as a Mummy Monk on Nov 1, 2015.
             Slain by a centaur (9 damage)
             ... on Level 5 of the Dungeon.
             The game lasted 00:10:10 (5042 turns).

RottenBandages the Insei (Mummy Monk)               Turns: 5042, Time: 00:10:10

HP  -2/49        AC  8     Str 14      XL: 6   Next: 79%
MP   6/6         EV 13     Int  9      God:
Gold 309         SH  0     Dex 16      Spells:  0 memorised,  5 levels left

rFire  x . .     SeeInvis .       - Unarmed
rCold  + . .     Clarity  .     a - +0 robe
rNeg   + + +     rCorr    .     (no shield)
rPois  +         rRot     +     b - +2 helmet
rElec  .         Spirit   .     k - +2 cloak
SustAb .         Warding  .     (no gloves)
rMut   .         Stasis   .     (no boots)
Gourm  .                        (no amulet)
MR     .....                    i - ring of stealth
                                (no ring)

@: not resistant to hostile enchantments, fairly stealthy
A: no food or potions, fire vulnerability, restore body, cold resistance 1,
negative energy resistance 3, poison resistance, torment resistance, unbreathing
a: no special abilities


You were on level 5 of the Dungeon.
You were not hungry.

You visited 1 branch of the dungeon, and saw 5 of its levels.

You collected 309 gold pieces.


Innate Abilities, Weirdness & Mutations

You do not eat or drink.
Your flesh is vulnerable to fire.
Your flesh is cold resistant.
You are immune to negative energy.
Your system is resistant to poisons.
You are immune to unholy pain and torment.
You can survive without breathing.


   Skills:
 + Level 4.6 Fighting
 - Level 2.4 Dodging
 - Level 1.5 Stealth
 - Level 6.1 Unarmed Combat


You had 5 spell levels left.
You didn't know any spells.

Inventory:

Missiles
 j - 2 javelins (quivered)
Armour
 a - a +0 robe (worn)
 b - a +2 helmet (worn)
 g - a +2 leather armour of positive energy
 k - a +2 cloak (worn)
Comestibles
 f - 3 fruits
Scrolls
 c - a scroll of identify {@r1}
 d - a scroll of teleportation {@r4}
 h - a scroll of enchant weapon {unknown}
 l - a scroll of magic mapping {unknown}
 m - 2 scrolls of remove curse
Jewellery
 i - a ring of stealth (right hand)

Dungeon Overview and Level Annotations

Branches:
Dungeon (5/15)             Temple (0/1) D:4

Altars:
Fedhas

Annotations:
D:2 Crazy Yiuf
D:4 Rogan's ghost, experienced MiFi

#............##
##............#
#.............#
#............##
##............#
#......PPP....#
#...<...gPP..##
#......PPcPP..
#.......PMPPP...
#.......PPPP....
#..............#.
#...........##...
...........## #..
###......## .
##....# ######


You could see a centaur and a hobgoblin.


Message History

The centaur hits you but does no damage.
You punch the centaur!
The centaur is heavily wounded.
The centaur closely misses you.
You hit the centaur but do no damage.
The centaur is heavily wounded.
The centaur hits you.
* * * LOW HITPOINT WARNING * * *
The centaur hits you.
* * * LOW HITPOINT WARNING * * *
You barely miss the centaur.
The centaur is heavily wounded.
The centaur misses you.
You hit the centaur.
The centaur is heavily wounded.
The centaur hits you!
* * * LOW HITPOINT WARNING * * *
Unknown command.
You hit the centaur.
The centaur is severely wounded.
The centaur hits you but does no damage.
The centaur closely misses you.
You barely miss the centaur.
The centaur is severely wounded.
The centaur hits you.
* * * LOW HITPOINT WARNING * * *
You hit the centaur.
The centaur is almost dead.
The centaur hits you!
You die...

Action                   |  1- 3 |  4- 6 || total
-------------------------+-------+-------++-------
Melee: Unarmed           |   126 |   358 ||   484
Throw: Javelin           |       |     9 ||     9
  Use: Scroll            |       |     3 ||     3
 Stab: Sleeping          |     2 |     7 ||     9

Vault maps used:
D:1:      dpeg_arrival_pits
D:2:      uniq_crazy_yiuf_cottage
D:3:      uniq_sigmund
D:4:      minmay_temple_entry_glassed_door, first_bread, roderic_batcave
D:5:      fedhas_bush_and_centaur_altar

Notes
Turn   | Place    | Note
--------------------------------------------------------------
     0 | D:1      | RottenBandages, the Mummy Monk, began the quest for the Orb.
     0 | D:1      | Reached XP level 1. HP: 18/18 MP: 1/1
   113 | D:1      | Reached XP level 2. HP: 22/24 MP: 2/2
   595 | D:2      | Reached skill level 4 in Unarmed Combat
   755 | D:2      | Reached XP level 3. HP: 27/29 MP: 3/3
  1161 | D:2      | Noticed Crazy Yiuf
  1221 | D:2      | Reached XP level 4. HP: 21/35 MP: 4/4
  2187 | D:3      | Reached skill level 5 in Unarmed Combat
  2423 | D:3      | Reached XP level 5. HP: 16/41 MP: 5/5
  3022 | D:3      | Noticed Sigmund
  3052 | D:3      | Killed Sigmund
  3052 | D:3      | Reached skill level 6 in Unarmed Combat
  3052 | D:3      | Reached XP level 6. HP: 16/47 MP: 6/6
  3586 | D:4      | Noticed Rogan's ghost (experienced MiFi)
  3914 | D:4      | Found a staircase to the Ecumenical Temple.
  4030 | D:4      | Reached skill level 4 in Fighting
  4350 | D:5      | Entered Level 5 of the Dungeon
  5001 | D:5      | Found a blossoming altar of Fedhas.
  5042 | D:5      | Slain by a centaur

Vanquished Creatures
  Sigmund (D:3)
  A vampire bat (D:4)
  A hound (D:4)
  2 orc wizards
  An orc priest (D:4)
  An ogre zombie (D:5)
  3 adders
  3 gnolls (D:3)
  6 worms
  2 oozes
  19 orcs
  2 ball pythons
  11 goblins
  5 hobgoblins
  3 jackals (D:2)
  3 quokkas
  20 bats
  6 giant cockroaches
  A giant gecko (D:3)
  5 giant newts
  8 kobolds
  13 rats
117 creatures vanquished.
